 Dungeon Crawl Stone Soup version 0.22-a0-596-gfbd32a6 (webtiles) character file.

2537 vinnietd the Carver (level 9, -1/62 (63) HPs)
             Began as a Black Draconian Fighter on July 5, 2018.
             Was a Priest of Okawaru.
             Hit by a tomahawk thrown by an orc warrior (11 damage)
             ... on level 6 of the Dungeon.
             The game lasted 00:10:09 (7058 turns).

vinnietd the Carver (Black Draconian Fighter)       Turns: 7058, Time: 00:10:10

HP:   -1/62 (63)    AC:  8    Str: 21    XL:     9   Next: 30%
MP:   9/9           EV: 11    Int:  8    God:    Okawaru [***...]
Gold: 367           SH: 12    Dex: 15    Spells: 8/8 levels left

rFire    . . .     SeeInvis .   q - +2 dagger (venom)
rCold    . . .     Gourm    .   b - +0 shield
rNeg     . . .     Faith    .   (armour unavailable)
rPois    .         Spirit   .   l - +1 hat
rElec    +         Reflect  +   (no cloak)
rCorr    .         Harm     .   (no gloves)
MR       .....                  (no boots)
Stlth    +.........             p - +3 amulet of reflection
HPRegen  0.20/turn              v - +3 ring of strength
MPRegen  0.11/turn              (no ring)

@: no status effects
A: breathe lightning, unfitting armour, stinger 1, frail 1, electricity
resistance, cold-blooded, AC +7
a: Breathe Lightning, Heroism, Renounce Religion


You were on level 6 of the Dungeon.
You worshipped Okawaru.
Okawaru was most pleased with you.
You were not hungry.

You visited 1 branch of the dungeon, and saw 8 of its levels.

You collected 367 gold pieces.

Inventory:

Hand Weapons
 a - a +0 long sword
 q - a +2 dagger of venom (weapon)
Missiles
 t - 2 javelins (quivered)
Armour
 b - a +0 shield (worn)
 l - a +1 hat (worn)
Jewellery
 c - an uncursed ring of positive energy {unknown}
 e - an uncursed ring of resist corrosion {unknown}
 p - a +3 amulet of reflection (around neck)
 v - a +3 ring of strength (left hand)
Wands
 f - a wand of random effects (30)
Scrolls
 g - 4 scrolls of teleportation
 h - 5 scrolls of identify {@r1}
 i - 6 scrolls of remove curse {@r2}
 k - a scroll of amnesia
 o - 2 scrolls of noise
 r - a scroll of fear {unknown}
 s - a scroll of fog
 u - a scroll of magic mapping {unknown}
 x - 2 scrolls of enchant weapon {unknown}
Potions
 m - 7 potions of curing {@q1}
 n - a potion of agility
 w - a potion of degeneration {unknown}
Comestibles
 d - 13 rations
 j - 5 chunks of flesh


   Skills:
 - Level 3.2 Fighting
 + Level 12.4 Long Blades
 - Level 2.6 Dodging
 - Level 3.0 Shields


You had 8 spell levels left.
You didn't know any spells.
Your spell library was empty.

Dungeon Overview and Level Annotations

Branches:
Dungeon (8/15)             Temple (0/1) D:6
   Lair: D:8-11

Altars:
Cheibriados
Dithmenos
Fedhas
Nemelex Xobeh
Okawaru
Uskayaw

Annotations:
D:6 4 runed doors, Ekaitz's ghost, novice DsFE; NotJohn's ghost, novice GrFi; archon2's ghost, novice DEFE; demenzo's ghost, novice OpTm


Innate Abilities, Weirdness & Mutations

You can breathe wild blasts of lightning.
Your glossy black scales are hard. (AC +7)
You cannot fit into any form of body armour.
You are resistant to electric shocks. (rElec)
You are cold-blooded and may be slowed by cold attacks.
Your tail ends in a poisonous barb.
You are frail. (-10% HP)


Message History

The orc warrior hits you with a trident!!
* * * LOW HITPOINT WARNING * * *
The orc warrior hits you from afar with a trident.
* * * LOW HITPOINT WARNING * * *
The orc warrior throws a tomahawk.
You reflect the tomahawk off an invisible shield around you!
The tomahawk misses the orc warrior.
The orc warrior throws a tomahawk.
The tomahawk hits you!
* * * LOW HITPOINT WARNING * * *
You see here a tomahawk.
Throwing (i - inventory)
t - 3 javelins (quivered)
Press: ? - help, Shift-Dir - straight line, f - orc warrior
Aim: an orc warrior, wielding a trident and wearing a plate armour (severely wounded, poisoned)
You throw a javelin.
The javelin closely misses the orc warrior.
The orc warrior throws a tomahawk.
You reflect the tomahawk off an invisible shield around you!
The tomahawk hits the orc warrior!
The orc warrior throws a tomahawk.
The tomahawk hits you!
You die...

#8.....8##..#..(...##.# #.⌠.# #.
#?.......[#.....().###.###...###.
#...(....:#........###>..##......
#8....W..8#......).(...#.###.....
#%WW..W..%#..##.####o###..#......
####+++#####.##....#..###.#......
.............#####.##...#.#......
.##......##....###.####.#.#......
.##......###....@#.####.#........
..........(......(....o......####
..))..((.(.(.).........(.......##
<##......#########...#.....).....
.##......# ###.##......###.
.##......# #.........###.
###......# ####......##.. #
######## #......##.. #
#......##..


You could see an orc warrior.

Vanquished Creatures
  Grinder (D:5)
  Sigmund (D:5)
  Menkaure (D:7)
  A sky beast (D:5)
  An orc warrior (D:7)
  A necrophage (D:5)
  A phantom (D:5)
  5 ogres
  3 centaurs
  A bullfrog (D:7)
  A big kobold (D:5)
  A scorpion (D:5)
  4 killer bees (D:7)
  2 crimson imps
  A bullfrog zombie (D:7)
  A jelly (D:4)
  An orc priest (D:5)
  A hound (D:7)
  Jessica (D:3)
  An iguana (D:4)
  2 orc wizards
  3 worker ants
  A hound zombie (D:7)
  2 hound skeletons (D:4)
  7 adders
  4 shadow imps
  2 oozes
  A worm (D:4)
  3 dart slugs
  4 leopard geckos
  9 orcs
  A ball python (D:7)
  6 giant cockroaches
  6 goblins
  10 hobgoblins
  12 jackals
  10 kobolds
  6 quokkas
  7 bats
  4 frilled lizards
  A leopard gecko zombie (D:5)
  7 rats
138 creatures vanquished.

Vanquished Creatures (others)
  A centaur (D:7)
  2 withered plants (D:6)
3 creatures vanquished.

Grand Total: 141 creatures vanquished

Notes
Turn   | Place    | Note
-------+----------+-------------------------------------------
     0 | D:1      | vinnietd the Draconian Fighter began the quest for the Orb.
     0 | D:1      | Reached XP level 1. HP: 19/19 MP: 1/1
   391 | D:1      | Reached XP level 2. HP: 25/26 MP: 2/2
   581 | D:1      | Reached skill level 3 in Long Blades
   961 | D:1      | Reached XP level 3. HP: 28/31 MP: 3/3
  1232 | D:2      | Found a hide-covered altar of Uskayaw.
  1237 | D:2      | Found a snail-covered altar of Cheibriados.
  1315 | D:2      | Reached skill level 4 in Long Blades
  1583 | D:2      | Reached XP level 4. HP: 32/38 MP: 4/4
  1819 | D:3      | Found a blossoming altar of Fedhas.
  2420 | D:3      | Noticed Jessica
  2426 | D:3      | Killed Jessica
  2426 | D:3      | Reached skill level 5 in Long Blades
  2496 | D:3      | Reached XP level 5. HP: 35/45 MP: 5/5
  2675 | D:3      | Found an iron altar of Okawaru.
  2695 | D:3      | Became a worshipper of Warmaster Okawaru
  2987 | D:4      | HP: 1/45 [shadow imp/nerve-wracking pain (11)]
  3427 | D:4      | Reached skill level 6 in Long Blades
  3721 | D:4      | Reached XP level 6. HP: 45/51 MP: 6/6
  3787 | D:5      | Entered Level 5 of the Dungeon
  3804 | D:5      | Reached * piety under Okawaru
  3840 | D:5      | Reached skill level 7 in Long Blades
  3969 | D:5      | Your scales start taking on a glossy black colour.
  3969 | D:5      | Reached XP level 7. HP: 56/56 MP: 7/7
  3969 | D:5      | Gained mutation: You are resistant to electric shocks. (rElec) [Black Draconian growth]
  3989 | D:5      | Reached skill level 8 in Long Blades
  4386 | D:5      | Reached skill level 9 in Long Blades
  4547 | D:5      | Noticed Sigmund
  4563 | D:5      | Killed Sigmund
  4563 | D:5      | Reached ** piety under Okawaru
  4563 | D:5      | Reached XP level 8. HP: 62/62 MP: 5/8
  4568 | D:5      | Noticed Grinder
  4568 | D:5      | Paralysed by Grinder for 7 turns
  4594 | D:5      | Killed Grinder
  4594 | D:5      | Reached skill level 10 in Long Blades
  4817 | D:5      | You fall through a shaft for 2 floors!
  4929 | D:7      | Found a shadowy altar of Dithmenos.
  5050 | D:7      | Noticed Menkaure
  5075 | D:7      | Gained mutation: You are frail. (-10% HP) [potion of mutation]
  5075 | D:7      | Gained mutation: Your tail ends in a poisonous barb. [potion of mutation]
  5076 | D:7      | Killed Menkaure
  5076 | D:7      | Reached skill level 11 in Long Blades
  5809 | D:7      | Reached XP level 9. HP: 54/62 MP: 9/9
  5895 | D:7      | Found a sparkling altar of Nemelex Xobeh.
  5942 | D:7      | Reached *** piety under Okawaru
  6021 | D:7      | Reached skill level 12 in Long Blades
  6252 | D:6      | Found a runed door.
  6574 | D:6      | Found a runed gate.
  6574 | D:6      | Found a runed gate.
  6586 | D:6      | Found a runed gate.
  6587 | D:6      | Noticed NotJohn's ghost (novice GrFi)
  6587 | D:6      | Noticed demenzo's ghost (novice OpTm)
  6589 | D:6      | Noticed Ekaitz's ghost (novice DsFE)
  6594 | D:6      | Noticed archon2's ghost (novice DEFE)
  6825 | D:6      | Found a staircase to the Ecumenical Temple.
  7058 | D:6      | Hit by a tomahawk thrown by an orc warrior

Vault maps used:
D:1:      dpeg_arrival_rooms_a, serial_forest, infiniplex_forest_clump_small,
          infiniplex_forest_lined_2, infiniplex_forest_3_way,
          infiniplex_forest_corner_1, infiniplex_forest_join,
          infiniplex_forest_clump_curved, infiniplex_forest_lined_room_,
          infiniplex_forest_end_1, infiniplex_forest_clump_small
D:2:      chequers_temple_overflow_statue_of_worship
D:3:      old_standard_altar, serial_bayou_ford_a, okawaru_metal_pillars_3,
          uniq_jessica
D:4:      first_ration, grunt_decor_one_mirror
D:5:      serial_bayou_crossing, uniq_sigmund, uniq_grinder
D:6:      grunt_dithmenos_shadows, old_standard_altar, lemuel_round_altar,
          minmay_temple_entry_junction, gammafunk_ghost_cemetery,
          uniq_crazy_yiuf_cottage, uniq_edmund
D:7:      basic_altar, nemelex_dance_club_becter, uniq_menkaure
D:8:      lemuel_bear_cage, grunt_ogre_cave

Skill      XL: |  1  2  3  4  5  6  7  8  9 |
---------------+----------------------------+-----
Long Blades    | 3 4 5 6 7 9 11 12 | 12.4
Fighting       | |  3.2
Dodging        | |  2.6
Shields        | |  3.0

Action                   |  1- 3 |  4- 6 |  7- 9 || total
-------------------------+-------+-------+-------++-------
Melee: Spear             |   130 |    50 |       ||   180
       Tailslap          |    15 |    24 |    48 ||    87
       Long sword        |     3 |    91 |    39 ||   133
       Dagger            |       |       |   233 ||   233
Throw: Javelin           |       |       |     1 ||     1
Invok: Heroism           |       |       |     4 ||     4
 Abil: Breathe Lightning |       |       |     4 ||     4
  Use: Scroll            |       |     9 |       ||     9
       Potion            |       |     5 |     2 ||     7
 Stab: Sleeping          |     2 |     1 |     1 ||     4
  Eat: Chunk             |     2 |     8 |     7 ||    17
       Ration            |       |       |     1 ||     1
Armor: Skin              |    21 |    23 |    39 ||    83
Dodge: Dodged            |    38 |    35 |    65 ||   138
Block: Shield            |    39 |    68 |   112 ||   219
       Reflection        |       |       |    14 ||    14
       Rpst.: Long sword |       |     6 |     3 ||     9

Table legend:
 A = Spawn XP
 B = Non-spawn XP
 C = Spawn XP percentage of total XP
 D = Spawn monster count
 E = Non-spawn monster count
 F = Spawn count percentage of total count
 G = Total turns spent on level
                    A         B        C        D         E        F      G
               +---------+---------+-------+---------+---------+-------+---------
         Total |       0 |    3625 |   0.0 |       0 |     139 |   0.0 |  7058
               +---------+---------+-------+---------+---------+-------+---------
           D:1 |       0 |      45 |   0.0 |       0 |      25 |   0.0 |  1175
           D:2 |       0 |      54 |   0.0 |       0 |      24 |   0.0 |   600
           D:3 |       0 |     104 |   0.0 |       0 |      13 |   0.0 |  1085
           D:4 |       0 |     202 |   0.0 |       0 |      18 |   0.0 |   927
           D:5 |       0 |    1404 |   0.0 |       0 |      21 |   0.0 |  1293
           D:6 |       0 |     519 |   0.0 |       0 |       8 |   0.0 |   569
           D:7 |       0 |    1297 |   0.0 |       0 |      30 |   0.0 |  1407
               +---------+---------+-------+---------+---------+-------+---------
